Map: Ancient Cistern LE

Players

Rescue - Winner!

  • Race: Zerg Zerg
  • League: Grandmaster
  • Spawn Location: 1:00

Marauder

  • Race: Terran Terran
  • League: Grandmaster
  • Spawn Location: 7:00

VOD

Have the link to the VOD?

Description

Time

  • Played on: March 31, 2023, 12:02 a.m.
  • Length: 11:27
Show
View Real Time Build Order
Export as new Build Order

Rescue Zerg - Winner!

Build Orders: Hatch First 

Get SALT Encoding   

  12  0:00  Drone  
  13  0:12  Overlord  
  13  0:18  Drone  
  14  0:30  Drone x2  
  16  0:47  Hatchery  
  15  0:54  Drone  
  15  0:56  Drone  
  17  1:02  Drone  
  18  1:10  Extractor  
  17  1:16  Spawning Pool  
  17  1:18  Drone  
  17  1:22  Drone  
  18  1:28  Drone  
  19  1:40  Drone  
  20  1:49  Drone  
  21  2:03  Queen x2  
  21  2:04  Zergling x4  
  27  2:13  Overlord  
  27  2:15  Drone  
  28  2:21  Hatchery  
  27  2:26  Drone  
  28  2:31  Drone  
  28  2:34  Drone x2  
  30  2:43  Queen  
  32  2:46  Metabolic Boost  
  32  2:51  Overlord  
  32  2:54  Drone  
  32  2:55  Drone  
  32  2:57  Drone  
  35  3:08  Queen  
  37  3:16  Drone x6  
  43  3:25  Overlord  
  43  3:32  Queen  
  45  3:35  Drone  
  45  3:37  Queen  
  45  3:40  Zergling x2  
  49  3:50  Queen  
  49  3:51  Drone x3  
  49  3:53  Drone  
  49  3:55  Drone  
  56  3:59  Drone  
  57  4:04  Overlord  
  57  4:05  Overlord  
  57  4:09  Overlord x2  
  59  4:24  Drone x5  
  59  4:25  Drone  
  59  4:29  Drone x4  
  69  4:36  Queen x2  
  73  4:39  Overlord x2  
  73  4:44  Lair  
  71  4:47  Extractor  
  71  4:48  Extractor  
  71  4:51  Drone x6  
  71  4:52  Baneling Nest  
  74  4:58  Drone x6  
  80  5:03  Overlord x2  
  80  5:15  Evolution Chamber, Drone  
  80  5:16  Drone  
  80  5:18  Zergling x12, Evolution Chamber  
  86  5:28  Hatchery  
  86  5:33  Extractor, Drone  
  86  5:34  Drone  
  86  5:35  Drone  
  87  5:36  Hatchery, Drone  
  87  5:41  Centrifugal Hooks  
  87  5:45  Zerg Ground Armor Level 1, Zerg Melee Weapons Level 1  
  87  5:47  Zergling x2  
  87  5:49  Zergling x4  
  90  5:50  Baneling x2  
  90  5:57  Queen  
  90  5:59  Zergling x12  
  98  6:06  Zergling x12  
  97  6:21  Zergling x18  
  98  6:30  Drone x3  
  98  6:31  Drone x2  
  98  6:32  Drone x2  
  103  6:35  Drone  
  102  6:40  Drone  
  102  6:43  Drone x4  
  102  6:45  Queen  
  109  6:48  Drone x3  
  109  6:51  Baneling x5  
  109  6:52  Baneling x7  
  109  6:53  Zergling x8  
  117  7:01  Zergling x2  
  117  7:03  Overlord x4  
  117  7:11  Zergling x2  
  115  7:16  Zergling x6  
  115  7:20  Hatchery  
  112  7:23  Zergling x18  
  112  7:25  Zergling x2  
  118  7:34  Zergling x16  
  126  7:41  Baneling x8  
  126  7:42  Zergling x12  
  126  7:43  Baneling x10  
  131  7:45  Zergling x2  
  131  7:46  Zerg Ground Armor Level 2  
  131  7:48  Zerg Melee Weapons Level 2  
  132  7:53  Zergling x12  
  132  7:54  Hatchery  
  132  7:57  Baneling  
  132  7:58  Baneling x4  
  137  8:00  Zergling x10  
  142  8:06  Overlord x4  
  139  8:19  Zergling x14  
  142  8:25  Baneling x6  
  142  8:26  Baneling  
  142  8:27  Baneling x6  
  142  8:29  Zergling x22  
  153  8:40  Zergling x12  
  149  8:41  Baneling  
  141  8:49  Zergling x14  
  128  8:57  Zergling x18  
  131  9:05  Zergling x8  
  131  9:06  Infestation Pit  
  134  9:10  Zergling x6  
  134  9:13  Extractor, Drone x2  
  134  9:14  Extractor  
  137  9:18  Drone x3  
  137  9:19  Drone  
  137  9:23  Zergling x4  
  139  9:25  Zergling x6  
  140  9:31  Zergling x8  
  140  9:36  Baneling x13  
  140  9:38  Baneling x8  
  132  9:39  Zergling x6  
  132  9:40  Zergling x18  
  132  9:43  Queen x3  
  148  9:55  Zergling x18  
  154  10:07  Zergling x10  
  158  10:16  Zergling x26  
  145  10:31  Zergling x16  
  145  10:37  Zergling x4  
  145  10:38  Zergling x30  
  162  10:43  Zergling x4  
  162  10:46  Hatchery  
  163  10:50  Zergling x6, Hydralisk Den  
  163  10:55  Baneling x7  
  163  10:56  Baneling x2, Overlord  
  163  10:57  Overlord x3  
  165  10:59  Baneling  
  165  11:07  Baneling x8  
Show
View Real Time Build Order
Export as new Build Order

Marauder Terran 

Build Orders: Reaper Expand 

Get SALT Encoding   

  12  0:00  SCV  
  13  0:12  SCV  
  14  0:16  Supply Depot  
  14  0:25  SCV  
  15  0:38  SCV  
  15  0:40  Barracks  
  16  0:44  Refinery  
  16  0:50  SCV  
  17  1:02  SCV  
  18  1:14  SCV  
  19  1:27  Orbital Command  
  19  1:29  Reaper  
  20  1:38  Command Center  
  20  1:47  Supply Depot  
  20  1:53  SCV  
  21  2:00  Marine  
  22  2:05  SCV  
  23  2:10  Factory  
  23  2:17  SCV  
  24  2:23  Barracks Reactor  
  24  2:29  SCV  
  25  2:41  SCV  
  25  2:42  Command Center  
  26  2:51  Orbital Command  
  26  2:53  SCV  
  26  2:58  Barracks  
  27  3:07  Hellion  
  27  3:09  Hellion  
  31  3:12  Barracks Tech Lab  
  31  3:16  SCV  
  31  3:17  Refinery  
  31  3:18  SCV  
  33  3:29  SCV  
  33  3:30  Hellion  
  33  3:31  Hellion  
  33  3:32  SCV  
  39  3:34  Stimpack  
  39  3:36  Marine  
  41  3:41  SCV  
  41  3:45  SCV  
  42  3:53  SCV  
  43  3:56  Orbital Command  
  43  4:01  Marine  
  44  4:03  SCV  
  44  4:07  SCV  
  46  4:10  Starport, Marine x2, Factory Reactor  
  46  4:16  SCV  
  49  4:19  Marine  
  49  4:20  SCV  
  49  4:22  Supply Depot  
  49  4:23  SCV, Supply Depot  
  52  4:28  SCV, Marine x2  
  55  4:38  SCV, Engineering Bay  
  55  4:39  SCV, Engineering Bay, Refinery  
  55  4:40  Marine  
  55  4:41  Refinery  
  55  4:43  SCV  
  59  4:45  Supply Depot  
  59  4:47  Marine x2  
  59  4:51  SCV  
  59  4:52  SCV  
  63  4:56  Medivac  
  63  4:57  Medivac  
  63  4:58  Hellion  
  69  5:02  SCV  
  69  5:03  SCV  
  69  5:05  Armory  
  71  5:07  Marine x2  
  71  5:09  Marine  
  71  5:10  Terran Infantry Weapons Level 1  
  74  5:15  Supply Depot  
  74  5:17  Terran Infantry Armor Level 1  
  76  5:21  Hellion  
  76  5:25  SCV x2, Marine  
  76  5:27  Orbital Command  
  79  5:38  Marine x2  
  79  5:39  Medivac  
  79  5:40  Combat Shield  
  79  5:41  SCV x2  
  85  5:46  Barracks x2  
  85  5:47  Factory Tech Lab  
  85  5:49  Barracks  
  85  5:52  Marine  
  85  5:53  Medivac  
  85  5:56  SCV x3, Marine  
  92  6:00  Supply Depot  
  92  6:03  Supply Depot  
  91  6:16  Marine  
  91  6:17  Marine x2  
  75  6:34  Marine  
  75  6:35  Marine x2  
  75  6:37  Barracks Reactor x3  
  77  6:40  SCV x2  
  77  6:41  SCV  
  77  6:45  Supply Depot  
  77  6:46  Siege Tank, Medivac x2, Supply Depot x2  
  87  6:52  SCV, Marine x2  
  87  6:53  SCV x2  
  92  6:55  Marine  
  93  7:05  SCV x3  
  93  7:07  Command Center  
  96  7:10  Marine x2  
  96  7:13  Marine x3  
  96  7:14  Marine x4  
  94  7:25  Siege Tank  
  94  7:28  Marine x2  
  97  7:31  Marine x7  
  104  7:37  Medivac x2  
  104  7:38  SCV x2  
  104  7:42  SCV  
  109  7:46  Marine x2  
  109  7:47  Factory  
  109  7:48  Marine  
  109  7:49  Marine x2  
  109  7:50  Supply Depot x2  
  114  7:51  Supply Depot  
  114  7:55  SCV x2, Marine  
  114  7:56  Terran Infantry Weapons Level 2  
  117  8:01  Terran Infantry Armor Level 2  
  117  8:11  Marine x8  
  117  8:12  Siege Tank, SCV x2  
  130  8:13  Marine  
  126  8:20  SCV  
  126  8:24  SCV x2  
  129  8:29  Marine x4  
  129  8:31  Marine  
  129  8:33  Marine  
  133  8:35  SCV  
  133  8:36  Marine  
  133  8:37  Marine x2  
  122  8:56  Marine x4  
  122  8:57  Marine x4  
  122  9:02  Marine  
  110  9:07  Command Center  
  110  9:20  Siege Tank, Marine x9  
  122  9:26  Medivac x2  
  119  9:37  Marine x2  
  119  9:38  Marine x5  
  126  9:40  Marine  
  126  9:47  Supply Depot  
  126  9:48  Supply Depot  
  126  9:49  Supply Depot  
  126  10:08  Marine x7  
  126  10:10  Siege Tank, Marine  
  137  10:17  Marine  
  137  10:18  Medivac  
  140  10:26  Marine x4  
  132  10:29  Marine x2  
  126  10:39  Marine x2  
  126  10:40  Marine  
  129  10:44  Marine x2  
  131  10:52  Marine x2  
  131  10:53  Marine x2  
  135  10:57  Marine x3  
  135  11:02  Marine  
  139  11:06  Marine  
Tags
 
Add a new tag
Caveats
  • Supply blocks, unpowered buildings, or Contaminate may cause inaccurate times.
  • Supply counts are checked every 10 seconds.